AoeStats
← Myth

MegaRandom

510423899Analyzed
4v4 RM · 21h ago on Sep 30, 2026· 20m 53s· 8 players
Game mode
Random Map
Map size
Large (8 player)
Population
200
Speed
Normal
Resources
Standard
Victory
Conquest
Starting age
Dark Age
Ending age
Imperial Age
RankedLock teamsTeams togetherTeam positionsShared explorationLock speedFull tech treeHidden civsTurbo modeCheats
Victory
Defeat
🇺🇾 Japanese · Uruguay
1135
+17
🇺🇸 Hindustanis · United States
1132
+17
🇦🇷 Bulgarians · Argentina
1125
+17
🇺🇸 Romans · United States
1124
+17
🇨🇳 Varangians · China
1170
-19
🇲🇽 Persians · Mexico
1155
-17
🇺🇸 Berbers · United States
1131
-16
🇺🇸 Burmese · United States
1130
-16
gerardovalher
8:09 Loom
8:46 Loom
11:23 Feudal Age
11:59 Double-Bit Axe
19:54 Horse Collar
PuneMahaWarrior
6:54 Loom
9:43 Feudal Age
10:20 Double-Bit Axe
10:25 Horse Collar
17:40 Scale Barding Armor
21:10 Castle Age
19:27 Gold Mining
19:49 Forging
20:30 Bloodlines
General Ganja
6:27 Loom
12:23 Feudal Age
17:12 Castle Age
14:57 Horse Collar
Myth
4:14 Loom
10:38 Feudal Age
9:59 Loom
11:18 Double-Bit Axe
13:09 Bloodlines
18:49 Forging
Darth MBAG
10:22 Feudal Age
9:18 Loom
16:02 Castle Age
14:24 Double-Bit Axe
15:38 Bloodlines
19:18 Town Watch
CAS MBAG
10:59 Feudal Age
11:21 Loom
14:31 Castle Age
12:48 Double-Bit Axe
Kroyen
11:06 Feudal Age
11:21 Man-at-Arms
14:40 Arson
15:25 Fletching
21:56 Castle Age
20:06 Loom
GranateCampeón
9:01 Loom
12:38 Feudal Age
14:43 Forging
14:33 Scale Mail Armor
15:26 Horse Collar
19:30 Town Watch
23:15 Castle Age
Connection lost

Rejoining the realm…

Still unreachable

The connection could not be restored.

Session expired

The server has moved on; the page needs a fresh start.